 Dungeon Crawl Stone Soup version 0.18.1-8-gdd0e5ea (webtiles) character file.

977 AvylaarBelgium the Thaumaturge (level 7, 0/36 HPs)
             Began as a Deep Elf Necromancer on June 7, 2016.
             Was a Follower of Vehumet.
             Slain by a phantom (8 damage)
             ... on level 5 of the Dungeon.
             The game lasted 00:19:36 (4112 turns).

AvylaarBelgium the Thaumaturge (DENe)               Turns: 4112, Time: 00:19:36

Health: 0/36       AC:  5    Str:  5    XL:     7   Next: 95%
Magic:  15/21      EV: 12    Int: 22    God:    Vehumet [*.....]
Gold:   232        SH:  0    Dex: 17    Spells: 7 memorised, 1 level left

rFire  . . .     SeeInvis .     D - +0 whip (freeze)
rCold  + . .     Gourm    .     w - +1 leather armour {rC+}
rNeg   . . .     Faith    .     (no shield)
rPois  .         Spirit   .     A - +0 helmet
rElec  .         Dismiss  .     (no cloak)
rCorr  .         Reflect  .     (no gloves)
SustAt .         Harm     .     (no boots)
MR     .....                    k - amulet of magic regeneration
Stlth  ++........               y - +2 ring of dexterity
                                s - ring of wizardry

@: regenerating, not resistant to hostile enchantments, unstealthy
A: no striking features
a: Renounce Religion


You were on level 5 of the Dungeon.
You worshipped Vehumet.
Vehumet was aware of your devotion.
You were hungry.

You visited 1 branch of the dungeon, and saw 6 of its levels.

You collected 232 gold pieces.

Inventory:

Hand Weapons
 d - a +0 whip
 D - a +0 whip of freezing (weapon)
Missiles
 g - 116 arrows
 n - 46 bolts
 B - a throwing net (quivered)
Armour
 p - a +2 helmet
 w - a +1 leather armour of cold resistance (worn)
 A - a +0 helmet (worn)
Jewellery
 k - an amulet of magic regeneration (around neck)
 s - a ring of wizardry (left hand)
 y - a +2 ring of dexterity (right hand)
Scrolls
 f - a scroll of amnesia {unknown}
 h - 3 scrolls of recharging {unknown}
 l - a scroll of teleportation {unknown}
 o - 3 scrolls of identify
 t - a scroll of fog {unknown}
 u - a scroll of immolation
 x - a scroll of enchant weapon {unknown}
 C - a scroll of remove curse
 E - a scroll of magic mapping {unknown}
Potions
 a - a potion of invisibility {unknown}
 e - 8 potions of curing {unknown}
 i - a potion of resistance
 j - a potion of agility
 m - a potion of degeneration {unknown}
Books
 b - a book of Necromancy

   Spells                             Type                      Level
   a - Pain                           Necromancy                   1
   b - Animate Skeleton               Necromancy                   1
   c - Vampiric Draining              Necromancy                   3
   d - Regeneration                   Charms/Necromancy            3
   e - Animate Dead                   Necromancy                   4
   f - Control Undead                 Necromancy                   4
 z - a book of Callings

   Spells                             Type                      Level
   a - Summon Small Mammal            Summoning                    1
   b - Call Imp                       Summoning                    2
   c - Call Canine Familiar           Summoning                    3
   d - Summon Guardian Golem          Hexes/Summoning              3
   e - Summon Lightning Spire         Summoning/Air                4
   f - Summon Ice Beast               Ice/Summoning                4
Comestibles
 c - 2 bread rations
 q - 4 fruits
 r - 3 meat rations


   Skills:
 - Level 2.4 Dodging
 - Level 2.4 Stealth
 + Level 8.5 Spellcasting
 + Level 3.8 Summonings
 - Level 8.4 Necromancy


You had one spell level left.
You knew the following spells:

 Your Spells              Type           Power        Failure   Level  Hunger
a - Pain                  Necr           ####         1%          1    None
b - Regeneration          Chrm/Necr      ####......   4%          3    None
c - Vampiric Draining     Necr           #####.....   1%          3    None
d - Animate Dead          Necr           N/A          1%          4    ###....
e - Control Undead        Necr           #####.....   1%          4    ###....
f - Summon Guardian Gole  Hex/Summ       ###.....     7%          3    None
g - Summon Ice Beast      Ice/Summ       ###.....     26%         4    ###....


Dungeon Overview and Level Annotations

Branches:
Dungeon (6/15)             Temple (0/1) D:4

Altars:
Cheibriados
Dithmenos
Okawaru
Pakellas
Qazlal
Ru
Vehumet
The Shining One

Shops:
D:6 [


Message History

Your ice beast hits the shadow imp but does no damage.
The shadow imp misses your ice beast.
Your skin is crawling a little less now.
Your ice beast barely misses the shadow imp.
The shadow imp completely misses your ice beast.
Your ice beast hits the shadow imp.
The shadow imp dies!
Vehumet accepts your kill.
Your skin stops crawling.
The phantom blinks!
The phantom blinks!
The phantom hits you.
* * * LOW HITPOINT WARNING * * *
The phantom blinks!
Casting: Regeneration
Confirm with . or Enter, or press ? or * to list all spells.
Your skin crawls.
Your ice beast disappears in a puff of smoke!
The phantom hits you!
You die...

...# ....# ....# #.#
#.....#.....#.....# #.#
#..#..#..#..#..#..# #.#
#..#..#..#..#..#..###+#.#
#..#.....#.....#......#.#
#..#.Z.. #.....#..... #.#
#..####################.#
#.......................#
#............§W@........#
#..######################
#..#.....#.....#
#..#.....#.....#
#..#..#..#..#..#
#..#..#.)#..#..#
#.....#.....#...
#.(...#.....#...
#############


You could see a phantom.

Vanquished Creatures
  Pikel (D:5)
  2 slaves (D:5)
  An orc priest (D:6)
  A jelly (D:5)
  A giant frog skeleton (D:5)
  Terence (D:3)
  3 worker ants
  A worker ant zombie (D:6)
  Robin (D:2)
  4 gnolls
  6 adders
  A shadow imp (D:5)
  2 oozes
  An adder skeleton (D:4)
  An adder zombie (D:5)
  2 worms
  A dart slug (D:1)
  6 giant geckos
  9 orcs
  A ball python (D:5)
  6 giant cockroaches
  12 goblins
  15 hobgoblins
  6 jackals (D:4)
  8 kobolds
  2 quokkas
  10 bats
  2 giant gecko skeletons (D:4)
  3 giant newts
  11 rats
121 creatures vanquished.

Vanquished Creatures (collateral kills)
  Blork the orc (D:5)
  A shadow imp (D:5)
2 creatures vanquished.

Vanquished Creatures (others)
  A giant gecko (D:5)
1 creature vanquished.

Grand Total: 124 creatures vanquished

Notes
Turn   | Place    | Note
--------------------------------------------------------------
     0 | D:1      | AvylaarBelgium the Deep Elf Necromancer began the quest for the Orb.
     0 | D:1      | Reached XP level 1. HP: 10/10 MP: 6/6
    64 | D:1      | Reached skill level 5 in Necromancy
   214 | D:1      | Reached XP level 2. HP: 3/15 MP: 3/8
   404 | D:1      | Found a glowing golden altar of the Shining One.
   956 | D:2      | Noticed Robin
   973 | D:2      | Reached XP level 3. HP: 5/19 MP: 4/10
  1315 | D:1      | Learned a level 3 spell: Regeneration
  1319 | D:1      | Learned a level 3 spell: Vampiric Draining
  1555 | D:2      | Reached skill level 5 in Spellcasting
  1556 | D:2      | Reached XP level 4. HP: 12/24 MP: 1/13
  1606 | D:2      | Killed Robin
  1852 | D:2      | Found a radiant altar of Vehumet.
  1853 | D:2      | Found a stormy altar of Qazlal.
  1853 | D:2      | Found an oddly glowing altar of Pakellas.
  1853 | D:2      | Found a snail-covered altar of Cheibriados.
  1856 | D:2      | Found an iron altar of Okawaru.
  1856 | D:2      | Found a shadowy altar of Dithmenos.
  1865 | D:2      | Became a worshipper of Vehumet
  2100 | D:3      | Noticed Terence
  2133 | D:2      | Reached XP level 5. HP: 9/28 MP: 1/15
  2562 | D:3      | Killed Terence
  2637 | D:3      | Found a sacrificial altar of Ru.
  2679 | D:3      | Reached * piety under Vehumet
  2679 | D:3      | Offered knowledge of Sandblast by Vehumet.
  3015 | D:4      | Reached XP level 6. HP: 25/32 MP: 10/17
  3076 | D:4      | Found a staircase to the Ecumenical Temple.
  3172 | D:5      | Entered Level 5 of the Dungeon
  3259 | D:5      | Learned a level 4 spell: Animate Dead
  3264 | D:5      | Learned a level 4 spell: Control Undead
  3335 | D:5      | Noticed Blork the orc
  3398 | D:5      | Learned a level 3 spell: Summon Guardian Golem
  3551 | D:5      | Noticed a slave
  3551 | D:5      | Noticed a slave
  3552 | D:5      | Noticed Pikel
  3552 | D:5      | Noticed a slave
  3627 | D:6      | Found Ethrinent's Armour Shop.
  3686 | D:6      | Reached skill level 1 in Summonings
  3728 | D:5      | Killed a slave
  3751 | D:5      | Noticed a slave
  3765 | D:5      | Killed a slave
  3792 | D:5      | Killed Pikel
  3792 | D:5      | Reached XP level 7. HP: 30/36 MP: 4/20
  4055 | D:5      | Learned a level 4 spell: Summon Ice Beast
  4067 | D:5      | Killed Blork the orc
  4112 | D:5      | Slain by a phantom

Skill      XL: |  1  2  3  4  5  6 |
---------------+-------------------+-----
Necromancy     | 5 6 8 |  8.4
Spellcasting   | 4 5 6 8 |  8.5
Summonings     | 3 |  3.8
Dodging        | |  2.4
Stealth        | |  2.4

Action                   |  1- 3 |  4- 6 |  7- 9 || total
-------------------------+-------+-------+-------++-------
Melee: Whip              |     1 |    78 |    14 ||    93
Throw: Throwing net      |       |     1 |       ||     1
 Cast: Pain              |    70 |   161 |     4 ||   235
       Regeneration      |     1 |    15 |     4 ||    20
       Vampiric Draining |       |    13 |       ||    13
       Summon Guardian G |       |     2 |     1 ||     3
       Control Undead    |       |     1 |     1 ||     2
       Summon Ice Beast  |       |       |     2 ||     2
  Use: Scroll            |       |     5 |       ||     5
  Eat: Chunk             |     2 |     7 |       ||     9
       Pizza             |       |       |     1 ||     1
Armor: Robe              |     4 |     6 |       ||    10
       Leather armour    |       |    35 |     1 ||    36
Dodge: Dodged            |    11 |    90 |    19 ||   120
